 Dungeon Crawl Stone Soup version 0.29.1-2-gbd0b4ee654 (webtiles) character file.

Game seed: 16052440156968138630

146 GorkyZ the Trooper (level 5, -17/28 (42) HPs)
             Began as a Demonspawn Fighter on Nov 19, 2022.
             Frozen to death by Henri's ghost (18 damage)
             ... on level 3 of the Dungeon.
             The game lasted 00:06:45 (3097 turns).

GorkyZ the Trooper (Demonspawn Fighter)             Turns: 3097, Time: 00:06:46

HP:   -17/28 (42)   AC: 12    Str: 18    XL:     5   Next: 7%
MP:   5/5           EV:  6    Int: 10    God:
Gold: 188           SH:  5    Dex: 18    Spells: 4/4 levels left

rFire   . . .      SeeInvis .   a - +0 war axe
rCold   . . .      Faith    .   c - +0 buckler
rNeg    . . .      Spirit   .   p - +0 chain mail
rPois   .          Reflect  .   (no helmet)
rElec   .          Harm     .   (no cloak)
rCorr   .          Rampage  .   (no gloves)
Will    .....                   (no boots)
Stlth   ..........              (no amulet)
HPRegen 0.09/turn               h - +6 ring of dexterity
MPRegen 0.09/turn               (no ring)

@: very heavily drained
A: yellow scales 2, foul stench 1
a: no special abilities


You were on level 3 of the Dungeon.
You visited 1 branch of the dungeon, and saw 3 of its levels.

You collected 188 gold pieces.

Inventory:

Hand Weapons
 a - a +0 war axe (weapon)
Armour
 b - a +0 scale mail
 c - a +0 buckler (worn)
 p - a +0 chain mail (worn)
Jewellery
 h - a +6 ring of dexterity (left hand)
Scrolls
 g - 2 scrolls of magic mapping {unknown}
 i - a scroll of blinking {unknown}
 j - a scroll of enchant armour {unknown}
 l - 3 scrolls of identify {unknown}
 m - a scroll of teleportation {unknown}
 q - a scroll of poison {unknown}
Potions
 d - 2 potions of might
 e - 2 potions of degeneration {unknown}
 f - 2 potions of curing {unknown}
 k - a potion of berserk rage {unknown}
 n - a potion of magic {unknown}
 o - a potion of attraction {unknown}
 r - a potion of mutation {unknown}


   Skills:
 + Level 3.7 Fighting
 + Level 2.8 Axes
 + Level 0.5 Throwing
 + Level 3.4 Armour
 + Level 3.3 Shields
 + Level 0.8 Evocations


You had 4 spell levels left.
You didn't know any spells.
Your spell library contained the following spells:

 Spells                   Type           Power      Damage    Failure   Level
 Sublimation of Blood     Necr           0%         N/A       100%        2
 Wereblood                Tmut           0%         N/A       100%        2
 Portal Projectile        Hex/Tloc       0%         N/A       100%        3
 Tukima's Dance           Hex            0%         N/A       100%        3
 Blade Hands              Tmut           0%         N/A       100%        5
 Summon Hydra             Summ           0%         N/A       100%        7


Dungeon Overview and Level Annotations

Branches:
Dungeon (3/15)

Altars:
Yredelemnul

Annotations:
D:3 Henri's ghost, novice DsIE


Innate Abilities, Weirdness & Mutations

You are mostly covered in yellow scales. (AC +3)
You may rarely emit foul miasma when damaged in melee.


Message History

You are too injured to fight recklessly!
You are too injured to fight recklessly!
You are too injured to fight recklessly!
You are too injured to fight recklessly!
You completely miss Henri's ghost.
Henri's ghost is lightly damaged.
Henri's ghost barely misses you.
You slash Henri's ghost!
Henri's ghost is moderately damaged.
Henri's ghost hits you but does no damage.
You feel drained.
You hit Henri's ghost but do no damage.
Henri's ghost is moderately damaged.
Henri's ghost barely misses you.
Henri's ghost hits you but does no damage.
You feel drained.
You hit Henri's ghost.
Henri's ghost is moderately damaged.
Henri's ghost hits you.
You feel drained.
* * * LOW HITPOINT WARNING * * *
You barely miss Henri's ghost.
Henri's ghost is moderately damaged.
Henri's ghost closely misses you. x2
You hit Henri's ghost but do no damage.
Henri's ghost is moderately damaged.
You block Henri's ghost's attack.
You hit Henri's ghost but do no damage.
Henri's ghost is moderately damaged.
Henri's ghost hits you but does no damage.
You feel drained.
You hit Henri's ghost.
Henri's ghost is moderately damaged.
Henri's ghost freezes you.
You are frozen!
* * * LOW HITPOINT WARNING * * *
Henri's ghost whispers, "There is no future for you."
Henri's ghost freezes you.
You are frozen!!
Ouch! That really hurt!
You die...

#.....# #.....##..
#.....# #.........
#.....####.##.####
#...........#.#
#.....###.....#
#.....+....#######
#.....###..#......
######+## #..#.#####
#..@...# #.........
#!#W#..#####.#......
###S##.......#######
##S#######.....#
#S#.......###.#
#~######....# #(#
##)#.# #~# #.#.#
###.#.# ##


You could see Henri's ghost and 3 adders.

Vanquished Creatures
  A hound zombie (D:3)
  8 adders (D:2)
  A dart slug (D:2)
  An orc (D:3)
  3 ball pythons
  5 bats
  3 endoplasms
  A giant cockroach (D:1)
  4 goblins
  7 hobgoblins
  5 jackals
  6 kobolds
  2 quokkas (D:2)
  A ball python zombie (D:3)
  5 frilled lizards
  4 rats
57 creatures vanquished.

Notes
Turn   | Place    | Note
-------+----------+-------------------------------------------
     0 | D:1      | GorkyZ the Demonspawn Fighter began the quest for the Orb.
     0 | D:1      | Reached XP level 1. HP: 18/18 MP: 1/1
   276 | D:1      | Gained mutation: You are partially covered in yellow
                  | scales. (AC +2) [demonic ancestry]
   276 | D:1      | Reached XP level 2. HP: 24/24 MP: 2/2
   301 | D:1      | You fall into a shaft and drop 1 floor!
   697 | D:2      | HP: 1/24 [adder (1)]
   701 | D:2      | Reached XP level 3. HP: 2/29 MP: 3/3
  1162 | D:2      | Gained mutation: You may rarely emit foul miasma when
                  | damaged in melee. [demonic ancestry]
  1162 | D:2      | Reached XP level 4. HP: 35/35 MP: 4/4
  2301 | D:2      | Found a faded altar of an unknown god.
  2792 | D:3      | Gained mutation: You are mostly covered in yellow scales.
                  | (AC +3) [demonic ancestry]
  2792 | D:3      | Reached XP level 5. HP: 41/42 MP: 5/5
  2799 | D:3      | Found a basalt altar of Yredelemnul.
  3067 | D:3      | Found a runed translucent door.
  3073 | D:3      | Noticed Henri's ghost (novice DsIE)
  3097 | D:3      | HP: 1/28 [frozen (8)]
  3097 | D:3      | Frozen to death by Henri's ghost

Illustrated notes

Levels and vault maps discovered:
D:1:      erik_arrival_orb_chamber, layout_basic,
          wander_ebering_terrifying_dragon_lair
D:2:      kb_forest_paths, layout_basic, shapermc_ecumenical_altar_notcrosses,
          hangedman_decor_points, chequers_avenue
D:3:      layout_basic, lemuel_zombie_altar_yredelemnul, ebering_ghost_sewer_d

Skill      XL: |  1  2 |
---------------+-------+-----
Axes           | 2 |  2.8
Armour         | 3 |  3.4
Shields        | 3 |  3.3
Fighting       | |  3.7
Throwing       | |  0.5
Evocations     | |  0.8

Action                   |  1- 3 |  4- 6 || total
-------------------------+-------+-------++-------
Melee: War axe           |    62 |   146 ||   208
Armor: Scale mail        |    42 |    75 ||   117
       Chain mail        |       |    25 ||    25
Dodge: Dodged            |    57 |    68 ||   125
Block: Buckler           |    20 |    29 ||    49
